Map: Traitor's Exile

Players

OpuS

  • Race: Protoss Protoss
  • League: Platinum
  • Spawn Location: 9:00

Sketchaphone

  • Race: Zerg Zerg
  • League: Platinum
  • Spawn Location: 12:00

Marki

  • Race: Zerg Zerg
  • Spawn Location: 6:00

GEAR

  • Race: Zerg Zerg
  • Spawn Location: 5:00

VOD

Have the link to the VOD?

Description

Time

  • Played on: Feb. 10, 2019, 8:25 p.m.
  • Length: 11:21
Show
View Real Time Build Order
Export as new Build Order

OpuS Protoss 

Build Orders:  

Get SALT Encoding   

  12  0:03  Probe  
  13  0:15  Probe  
  14  0:25  Pylon  
  14  0:27  Probe  
  15  0:43  Probe  
  15  0:47  Gateway  
  16  0:51  Probe  
  17  0:58  Assimilator  
  17  0:59  Probe  
  18  1:15  Probe  
  18  1:16  Gateway  
  18  1:23  Probe  
  20  1:33  Probe  
  21  1:40  Pylon  
  21  1:46  Probe  
  22  1:52  Assimilator  
  22  1:58  Probe  
  23  2:02  Cybernetics Core  
  23  2:07  Zealot  
  25  2:08  Probe  
  26  2:16  Forge  
  26  2:17  Probe  
  26  2:21  Zealot  
  29  2:25  Probe  
  30  2:32  Warp Gate  
  30  2:44  Pylon  
  30  2:48  Pylon  
  30  2:52  Protoss Ground Weapons Level 1  
  30  3:02  Stalker x2  
  31  3:36  Zealot  
  31  3:37  Zealot  
  35  3:53  Twilight Council  
  35  3:56  Gateway  
  35  3:58  Gateway  
  35  4:00  Gateway  
  35  4:08  Pylon  
  35  4:11  Pylon  
  35  4:21  Blink  
  35  4:23  Stalker x2  
  37  4:53  Stalker x3  
  37  4:57  Sentry x2  
  47  5:19  Stalker x2  
  47  5:21  Sentry  
  53  5:22  Zealot  
  55  5:28  Stalker  
  57  5:56  Nexus  
  41  6:25  Stalker  
  41  6:26  Stalker x3  
  45  6:46  Stalker  
  47  6:50  Pylon  
  37  7:10  Charge  
  37  7:11  Zealot x3  
  37  7:12  Zealot  
  37  7:13  Sentry  
  47  7:20  Probe x2  
  49  7:32  Probe x2  
  41  7:51  Stalker x2  
  41  7:52  Stalker  
  45  8:01  Stalker  
  45  8:02  Stalker  
  45  8:24  Stalker  
  45  8:25  Stalker x2  
  45  8:26  Stalker  
  49  8:47  Stalker x2  
  53  9:01  Stalker x2  
  57  9:09  Probe x2  
  59  9:22  Pylon  
  59  9:24  Pylon  
  59  9:35  Probe x2  
  61  9:39  Stargate  
  61  9:47  Shield Battery  
  61  9:51  Probe x2  
  63  10:04  Probe x2  
  65  10:13  Stalker  
  67  10:15  Stalker  
  67  10:20  Probe x2  
  71  10:41  Stalker  
  77  10:44  Stalker  
  79  11:02  Stalker  
  79  11:03  Stalker x2  
  69  11:16  Stalker  
Show
View Real Time Build Order
Export as new Build Order

Sketchaphone Zerg 

Build Orders: Pool First 

Get SALT Encoding   

  12  0:01  Drone  
  13  0:11  Drone  
  14  0:27  Spawning Pool  
  13  0:31  Drone  
  14  0:36  Extractor  
  14  0:37  Drone  
  14  0:46  Overlord  
  14  1:04  Drone x2  
  16  1:06  Drone  
  17  1:32  Hatchery  
  16  1:38  Metabolic Boost  
  16  1:42  Drone  
  17  1:49  Drone x2  
  17  1:53  Drone  
  20  2:01  Queen  
  22  2:10  Overlord  
  22  2:35  Roach Warren  
  21  2:41  Queen  
  21  2:43  Drone  
  24  2:45  Queen  
  24  2:46  Drone  
  24  2:51  Zergling x2  
  28  2:55  Zergling x2  
  28  2:58  Overlord  
  29  3:01  Drone  
  29  3:05  Zergling x2  
  31  3:07  Zergling x2  
  32  3:14  Zergling x4  
  32  3:18  Zergling x2  
  35  3:32  Roach x2  
  35  3:33  Roach  
  41  3:44  Zergling x6  
  43  3:50  Drone  
  43  3:52  Overlord  
  44  4:04  Evolution Chamber  
  44  4:05  Overlord  
  43  4:10  Drone  
  43  4:12  Overlord  
  39  4:26  Roach x3  
  39  4:31  Roach x2  
  45  4:37  Roach x2  
  49  4:41  Roach  
  51  4:50  Roach x2  
  55  4:53  Roach  
  55  4:56  Drone  
  58  5:01  Roach  
  58  5:06  Drone  
  61  5:07  Drone  
  61  5:09  Roach  
  64  5:14  Overlord  
  64  5:18  Roach  
  64  5:20  Ravager  
  67  5:25  Overlord  
  67  5:35  Zergling x8  
  71  5:37  Drone  
  71  5:39  Drone  
  73  5:45  Zergling x4  
  73  5:48  Roach  
  78  5:50  Drone  
  75  6:07  Roach x4  
  77  6:37  Roach x2  
  77  6:38  Roach  
  83  6:48  Zergling x2  
  83  6:53  Roach x2  
  84  7:05  Roach  
  76  7:15  Overlord x2  
  58  7:16  Overlord  
  58  7:31  Zergling x6  
  58  7:32  Overlord x2, Hatchery  
  59  7:37  Hatchery  
  59  7:42  Zergling x2  
  53  7:46  Zergling x12  
  40  8:11  Spine Crawler  
  39  8:12  Spine Crawler  
  39  8:14  Zergling x2  
  39  8:15  Spine Crawler  
  37  8:23  Zergling x14  
  38  8:30  Zergling x2  
  38  8:32  Zergling x4  
  39  8:34  Zerg Melee Weapons Level 1  
  39  8:35  Zergling x2  
  34  8:43  Zergling x2  
  34  8:47  Zergling x2  
  30  8:53  Zergling x2  
  30  8:55  Zergling x2  
  27  9:02  Zergling x2  
  26  9:03  Spine Crawler  
  26  9:05  Spine Crawler  
  24  9:11  Drone x2  
  26  9:39  Zergling x2  
  26  9:45  Queen  
  29  10:06  Roach  
  29  10:07  Roach x5  
  41  10:13  Drone  
  42  10:14  Drone  
  42  10:43  Zergling x14  
  49  10:56  Roach x2  
  37  10:58  Zergling x2  
Show
View Real Time Build Order
Export as new Build Order

Marki Zerg 

Build Orders: Hatch First 

Get SALT Encoding   

  12  0:01  Drone  
  13  0:08  Drone  
  14  0:36  Hatchery  
  14  0:39  Drone  
  14  0:45  Extractor  
  14  0:46  Drone  
  14  1:03  Spawning Pool  
  13  1:07  Drone  
  14  1:16  Overlord  
  14  1:34  Drone x3  
  17  1:45  Drone  
  18  1:50  Queen  
  20  1:56  Drone  
  20  1:59  Drone  
  22  2:02  Drone  
  23  2:11  Drone x2  
  25  2:17  Queen  
  27  2:23  Overlord  
  27  2:38  Drone  
  27  2:39  Roach Warren  
  27  2:40  Drone  
  28  2:48  Lair  
  28  2:49  Drone  
  28  2:51  Drone  
  30  2:55  Drone  
  31  2:58  Overlord  
  31  3:10  Drone x3, Extractor  
  33  3:13  Drone  
  34  3:24  Roach x3  
  34  3:26  Roach  
  42  3:28  Roach  
  42  3:34  Overlord  
  44  3:36  Overlord  
  44  3:47  Glial Reconstitution  
  44  3:54  Roach  
  46  4:03  Drone x2  
  46  4:04  Drone x2, Extractor x2  
  48  4:13  Roach x2, Hatchery  
  51  4:30  Roach  
  51  4:31  Roach  
  43  4:48  Roach x2  
  47  4:56  Drone x4  
  47  4:58  Extractor  
  50  5:01  Drone  
  50  5:03  Extractor  
  50  5:04  Roach  
  52  5:11  Overlord  
  52  5:19  Overlord  
  52  5:20  Overlord  
  52  5:28  Roach  
  52  5:29  Roach x2  
  52  5:33  Roach x4  
  66  5:37  Queen  
  66  5:39  Overlord  
  68  5:44  Roach x2  
  68  5:48  Roach x2  
  76  5:51  Roach  
  72  6:05  Roach x4  
  72  6:10  Roach  
  70  6:13  Roach  
  72  6:21  Roach  
  72  6:22  Roach  
  72  6:23  Roach x2  
  78  6:32  Ravager  
  75  6:33  Ravager  
  75  6:34  Ravager  
  75  6:35  Roach  
  75  6:36  Roach  
  75  6:38  Ravager  
  80  6:44  Ravager  
  80  7:15  Drone x2  
  80  7:16  Drone x5  
  80  7:17  Drone x3  
  90  7:23  Spawning Pool  
  64  8:17  Queen  
  64  8:30  Roach Warren  
  57  8:41  Drone x2  
  57  8:42  Drone x7  
  64  9:13  Overlord x3  
  64  9:14  Overlord  
  64  9:17  Hatchery  
  64  9:23  Drone x2  
  64  9:24  Tunneling Claws, Drone x3  
  68  9:27  Burrow  
  68  9:28  Roach x5  
  68  9:29  Roach  
  68  9:30  Roach  
  82  9:33  Roach  
  82  9:34  Roach x2  
  88  9:42  Roach x5  
  88  9:43  Roach  
  100  9:50  Roach  
  100  9:51  Roach x4  
  110  10:01  Roach x3  
  116  10:08  Roach  
  116  10:10  Roach x2  
  122  10:18  Overlord  
  122  10:19  Overlord x2  
  122  10:20  Evolution Chamber x2  
  120  10:30  Roach x4  
  132  10:42  Roach  
  132  10:43  Roach x8  
  132  10:44  Roach x3  
  150  11:02  Roach  
Show
View Real Time Build Order
Export as new Build Order

GEAR Zerg 

Build Orders: Hatch First 

Get SALT Encoding   

  12  0:03  Drone  
  13  0:14  Overlord  
  13  0:18  Drone  
  14  0:32  Drone  
  14  0:33  Drone  
  16  0:37  Drone  
  17  0:58  Hatchery  
  16  1:09  Spawning Pool  
  16  1:11  Extractor  
  14  1:12  Drone  
  14  1:16  Drone  
  16  1:20  Drone  
  16  1:24  Drone  
  18  1:35  Overlord  
  18  1:46  Drone  
  19  1:56  Queen  
  19  1:59  Zergling x2  
  22  2:08  Drone  
  23  2:11  Metabolic Boost  
  23  2:14  Zergling x2  
  24  2:20  Zergling x2  
  24  2:22  Zergling x2  
  27  2:30  Zergling x2  
  27  2:34  Zergling x2  
  28  2:39  Zergling x2  
  28  2:42  Zergling x2  
  28  2:43  Queen  
  32  2:44  Queen  
  34  2:57  Zergling x4  
  35  3:05  Overlord x2  
  35  3:10  Overlord  
  35  3:14  Zergling x2  
  31  3:28  Zergling x8  
  34  3:45  Drone x2  
  34  3:47  Zergling x2  
  33  4:01  Zergling x6  
  36  4:16  Zergling x2  
  36  4:17  Zergling x2  
  38  4:21  Zergling x8  
  38  4:22  Zergling x4  
  40  4:28  Drone  
  40  4:40  Zergling x4  
  40  4:41  Hatchery  
  41  4:48  Zergling x6  
  44  4:53  Drone x3  
  47  5:02  Zergling x2  
  47  5:03  Zergling x2  
  47  5:04  Drone  
  47  5:06  Drone  
  51  5:08  Drone  
  52  5:19  Overlord  
  52  5:28  Overlord x2  
  52  5:33  Roach Warren  
  52  5:34  Extractor  
  50  5:35  Drone  
  50  5:36  Drone  
  50  5:38  Drone  
  53  5:45  Drone x2  
  53  5:49  Lair  
  55  5:52  Drone  
  52  6:00  Zergling x6  
  52  6:01  Zergling x2  
  42  6:04  Zergling x2  
  42  6:05  Zergling x2  
  42  6:08  Zergling x2  
  42  6:09  Zergling x2  
  46  6:19  Roach x3  
  46  6:24  Zergling x4  
  50  6:26  Zergling x6  
  50  6:32  Roach, Zergling x2  
  54  6:47  Roach x4  
  54  6:52  Roach  
  58  6:54  Roach  
  58  6:57  Roach  
  61  7:01  Roach  
  61  7:04  Roach  
  58  7:09  Roach  
  58  7:17  Drone x3  
  58  7:18  Drone  
  62  7:25  Glial Reconstitution  
  62  7:27  Drone  
  62  7:29  Drone  
  64  7:33  Drone  
  65  7:43  Roach x3  
  69  7:46  Zergling x2  
  69  7:47  Zergling x2  
  72  7:51  Zergling x2  
  72  7:53  Drone  
  71  7:59  Zergling x6  
  74  8:09  Roach  
  74  8:12  Zergling x6  
  77  8:13  Zergling x6  
  77  8:16  Zergling x2  
  75  8:22  Roach  
  75  8:25  Zergling x4  
  79  8:33  Roach  
  81  8:39  Roach  
  81  8:40  Roach  
  81  8:41  Drone  
  82  8:46  Roach  
  81  8:52  Roach  
  81  8:55  Roach  
  81  9:01  Roach  
  81  9:07  Overlord  
  81  9:08  Overlord x2  
  81  9:25  Overseer x2  
  81  9:26  Pneumatized Carapace  
  79  9:34  Drone x3  
  79  9:35  Drone x4  
  79  9:36  Ravager  
  79  9:37  Ravager x2  
  89  9:39  Drone  
  89  9:40  Hatchery  
  89  9:41  Extractor  
  89  9:43  Drone, Extractor  
  89  9:45  Drone  
  89  9:50  Drone x3  
  92  10:05  Spore Crawler  
  92  10:06  Drone x6  
  97  10:19  Drone x4  
  101  10:23  Roach x2  
  105  10:29  Evolution Chamber  
  105  10:32  Evolution Chamber  
  103  10:37  Roach  
  105  10:53  Roach x3  
  105  10:54  Roach  
  105  10:56  Roach  
  112  10:58  Overlord x5  
Tags
 
Add a new tag
Caveats
  • Supply blocks, unpowered buildings, or Contaminate may cause inaccurate times.
  • Supply counts are checked every 10 seconds.